 Dungeon Crawl Stone Soup version 0.24.1-14-gf8d2b509d9 (webtiles) character file.

Game seed: 8546926787950986027, levelgen mode: deterministic

226 Kniotic the Skirmisher (level 6, -6/53 HPs)
             Began as a Gnoll Wanderer on May 29, 2020.
             Mangled by an orc
             ... wielding a +0 flail
              (8 damage)
             ... on level 3 of the Dungeon.
             The game lasted 00:02:25 (2209 turns).

Kniotic the Skirmisher (Gnoll Wanderer)             Turns: 2209, Time: 00:02:25

Health: -6/53      AC:  2    Str: 13    XL:     6   Next: 1%
Magic:  17/17      EV: 12    Int: 16    God:
Gold:   118        SH:  0    Dex: 16    Spells: 8/8 levels left

rFire    . . .     SeeInvis .   n - +0 great mace
rCold    . . .     Gourm    .   (shield currently unavailable)
rNeg     . . .     Faith    .   d - +0 robe
rPois    .         Spirit   .   (no helmet)
rElec    .         Reflect  .   (no cloak)
rCorr    .         Harm     .   (no gloves)
MR       .....                  (no boots)
Stlth    ++........             (no amulet)
HPRegen  0.17/turn              o - ring of magical power
MPRegen  0.15/turn              (no ring)

@: no status effects
A: distributed training, fangs 1, strong nose
a: no special abilities


You were on level 3 of the Dungeon.
You were not hungry.

You visited 1 branch of the dungeon, and saw 3 of its levels.

You collected 118 gold pieces.

Inventory:

Hand Weapons
 a - a +2 short sword
 n - a +0 great mace (weapon)
Armour
 d - a +0 robe (worn)
Jewellery
 o - a ring of magical power (left hand)
 s - an uncursed ring of protection from fire {unknown}
Scrolls
 j - 4 scrolls of identify {unknown}
 k - a scroll of remove curse {unknown}
 l - a scroll of enchant weapon {unknown}
 m - a scroll of fog {unknown}
 q - a scroll of teleportation {unknown}
 r - a scroll of enchant armour {unknown}
 t - a scroll of noise {unknown}
Potions
 b - 2 potions of curing
 c - a potion of lignification
 e - 2 potions of ambrosia {unknown}
 g - a potion of berserk rage {unknown}
 i - a potion of haste {unknown}
 p - 2 potions of agility {unknown}
Comestibles
 f - 4 rations
 h - 2 chunks of flesh


   Skills:
 + Level 6.7 Fighting
 + Level 4.9 Short Blades
 + Level 1.7 Long Blades
 + Level 1.7 Axes
 + Level 1.7 Maces & Flails
 + Level 1.7 Polearms
 + Level 1.7 Staves
 + Level 1.7 Slings
 + Level 1.7 Bows
 + Level 1.7 Crossbows
 + Level 4.9 Throwing
 + Level 4.9 Armour
 + Level 1.7 Dodging
 + Level 2.9 Stealth
 + Level 1.7 Shields
 + Level 1.7 Unarmed Combat
 + Level 1.7 Spellcasting
 + Level 1.3 Conjurations
 + Level 1.3 Hexes
 + Level 1.3 Charms
 + Level 1.3 Summonings
 + Level 1.3 Necromancy
 + Level 1.3 Translocations
 + Level 1.3 Transmutations
 + Level 1.3 Fire Magic
 + Level 1.3 Ice Magic
 + Level 1.3 Air Magic
 + Level 1.3 Earth Magic
 + Level 1.3 Poison Magic
 + Level 1.9 Invocations
 + Level 1.7 Evocations


You had 8 spell levels left.
You didn't know any spells.
Your spell library was empty.

Dungeon Overview and Level Annotations

Branches:
Dungeon (3/15)

Altars:
Qazlal
Trog


Innate Abilities, Weirdness & Mutations

Your experience applies equally to all skills.
You have very sharp teeth.
Your uncanny sense of smell can sniff out nearby items.


Message History

* * * LOW HITPOINT WARNING * * *
You sock something!
Reactivating autopickup.
You have reached level 6!
Your experience leads to an increase in your attributes!
Increase (S)trength, (I)ntelligence, or (D)exterity?
You feel clever.
You feel a bit more experienced. The bat hits you but does no damage.
The bat barely misses you. The bat misses you.
You completely miss the bat. The bat hits you but does no damage.
The bat barely misses you. The bat closely misses you.
You closely miss the bat. The bat closely misses you. x2
You sock the bat!
You kill the bat!
You closely miss the orc. The orc hits you with a +0 flail!
* * * LOW HITPOINT WARNING * * *
The orc barely misses you.
You completely miss the orc. The orc closely misses you.
You closely miss the orc. The orc hits you with a +0 flail!
You die...

..... ................#.
.... ###....#.#####.#. .
... #....#.# #..#
..###.. #....#.# #.#.
....... #....#.# #...
..##..)## ##......# ####
....<.†.## #.......#
######
..##...#.####.#...#.#
#.....
##.#...o@.....##.#
#.####
####.####.#####.###.####
#..................<##
#..####.##.###.....÷##
#..####.##.# #.##.....
#..........# #.####.##
####.##.##.##.# #.#...(#
#.......##.##.# #.#.##.#
#.......##.###.#.##)#


You could see an orc.

Vanquished Creatures
  An orc priest (D:3)
  Natasha (twice) (D:2)
  An orc wizard (D:3)
  A gnoll (D:2)
  3 adders
  An ooze (D:2)
  A worm (D:3)
  2 dart slugs
  4 leopard geckos
  2 orcs
  10 bats
  4 giant cockroaches
  5 goblins
  4 hobgoblins (D:1)
  3 jackals (D:2)
  2 quokkas
  7 frilled lizards
  13 kobolds
  9 rats
75 creatures vanquished.

Notes
Turn   | Place    | Note
-------+----------+-------------------------------------------
     0 | D:1      | Kniotic the Gnoll Wanderer began the quest for the Orb.
     0 | D:1      | Kniotic set off with the following items: a +2 short sword,
                  | a potion of curing, a potion of lignification, a +0 robe, a
                  | ration
     0 | D:1      | Reached XP level 1. HP: 23/23 MP: 1/1
   121 | D:1      | Reached XP level 2. HP: 23/29 MP: 2/2
   549 | D:1      | Reached XP level 3. HP: 35/35 MP: 3/3
   970 | D:2      | Found a stormy altar of Qazlal.
  1043 | D:2      | Reached skill level 1 in Invocations
  1055 | D:2      | Found a bloodstained altar of Trog.
  1169 | D:2      | Reached skill level 1 in Long Blades
  1169 | D:2      | Reached skill level 1 in Axes
  1169 | D:2      | Reached skill level 1 in Maces & Flails
  1169 | D:2      | Reached skill level 1 in Polearms
  1169 | D:2      | Reached skill level 1 in Staves
  1169 | D:2      | Reached skill level 1 in Slings
  1169 | D:2      | Reached skill level 1 in Bows
  1169 | D:2      | Reached skill level 1 in Crossbows
  1169 | D:2      | Reached skill level 1 in Dodging
  1169 | D:2      | Reached skill level 1 in Shields
  1169 | D:2      | Reached skill level 1 in Unarmed Combat
  1169 | D:2      | Reached skill level 1 in Spellcasting
  1169 | D:2      | Reached skill level 1 in Evocations
  1316 | D:2      | Reached XP level 4. HP: 41/41 MP: 5/5
  1335 | D:2      | Noticed Natasha
  1342 | D:2      | Killed Natasha
  1422 | D:2      | Reached skill level 1 in Conjurations
  1422 | D:2      | Reached skill level 1 in Hexes
  1422 | D:2      | Reached skill level 1 in Charms
  1422 | D:2      | Reached skill level 1 in Summonings
  1422 | D:2      | Reached skill level 1 in Necromancy
  1422 | D:2      | Reached skill level 1 in Translocations
  1422 | D:2      | Reached skill level 1 in Transmutations
  1422 | D:2      | Reached skill level 1 in Fire Magic
  1422 | D:2      | Reached skill level 1 in Ice Magic
  1422 | D:2      | Reached skill level 1 in Air Magic
  1422 | D:2      | Reached skill level 1 in Earth Magic
  1422 | D:2      | Reached skill level 1 in Poison Magic
  1644 | D:2      | Reached XP level 5. HP: 47/47 MP: 6/6
  1783 | D:2      | Noticed Natasha
  1792 | D:2      | Killed Natasha
  2203 | D:3      | Reached XP level 6. HP: 12/53 MP: 8/8
  2207 | D:3      | HP: 2/53 [orc/+0 flail (12)]
  2209 | D:3      | Mangled by an orc

Levels and vault maps discovered:
D:1:      dpeg_arrival_tiny_k, layout_loops_ring
D:2:      minmay_chambers_of_twos, layout_loops_cross, lemuel_round_altar,
          first_ration, ebering_dispersal_statue_hall, trog_butcher_becter,
          uniq_natasha
D:3:      minmay_thinvault, layout_loops_cross, lemuel_round_altar,
          marbit_many_paths

Skill      XL: |  1  2  3  4 |
---------------+-------------+-----
Invocations    | 1 |  1.9
Long Blades    | 1 |  1.7
Axes           | 1 |  1.7
Maces & Flails | 1 |  1.7
Polearms       | 1 |  1.7
Staves         | 1 |  1.7
Slings         | 1 |  1.7
Bows           | 1 |  1.7
Crossbows      | 1 |  1.7
Dodging        | 1 |  1.7
Shields        | 1 |  1.7
Unarmed Combat | 1 |  1.7
Spellcasting   | 1 |  1.7
Evocations     | 1 |  1.7
Conjurations   | 1 |  1.3
Hexes          | 1 |  1.3
Charms         | 1 |  1.3
Summonings     | 1 |  1.3
Necromancy     | 1 |  1.3
Translocations | 1 |  1.3
Transmutations | 1 |  1.3
Fire Magic     | 1 |  1.3
Ice Magic      | 1 |  1.3
Air Magic      | 1 |  1.3
Earth Magic    | 1 |  1.3
Poison Magic   | 1 |  1.3
Fighting       | |  6.7
Short Blades   | |  4.9
Throwing       | |  4.9
Armour         | |  4.9
Stealth        | |  2.9

Action                   |  1- 3 |  4- 6 || total
-------------------------+-------+-------++-------
Melee: Short sword       |    63 |       ||    63
       Bite              |     9 |     5 ||    14
       Punch             |     1 |       ||     1
       Great mace        |    27 |    78 ||   105
 Stab: Sleeping          |    11 |     7 ||    18
       Distracted        |       |     1 ||     1
  Eat: Chunk             |     1 |     3 ||     4
Armor: Robe              |    15 |    20 ||    35
Dodge: Dodged            |    53 |    71 ||   124
